 Dungeon Crawl Stone Soup version 0.30.1 (webtiles) character file.

Game seed: 7154736648499429721

370 Pepete the Magician (level 6, -3/31 (32) HPs)
             Began as a Deep Elf Fire Elementalist on July 9, 2023.
             Was an Initiate of Gozag.
             Killed from afar by Maggie (29 damage)
             ... with a bolt of fire
             ... on level 6 of the Dungeon.
             The game lasted 00:08:42 (6796 turns).

Pepete the Magician (Deep Elf Fire Elementalist)    Turns: 6796, Time: 00:08:43

HP:   -3/31 (32)    AC:  5    Str:  5    XL:     6   Next: 42%
MP:   4/16          EV: 12    Int: 22    God:    Gozag
Gold: 241           SH:  5    Dex: 15    Spells: 13/16 levels left

rFire   . . .        (no weapon)
rCold   . . .        (no shield)
rNeg    . . .        k - +0 robe
rPois   .            l - +0 helmet
rElec   .            i - +1 cloak
rCorr   .            (no gloves)
SInv    .            (no boots)
Will    .....        r - amulet of reflection
Stlth   ++           (no ring)
HPRegen 0.25/turn    (no ring)
MPRegen 0.15/turn

%: reflection
@: mesmerised, lightly drained
A: no striking features
a: Renounce Religion, Potion Petition, Call Merchant, Bribe Branch


You were on level 6 of the Dungeon.
You worshipped Gozag.
Gozag was aware of your devotion.
You visited 2 branches of the dungeon, and saw 7 of its levels.

You collected 341 gold pieces.
You paid 100 gold pieces to Gozag.

Inventory:

Missiles
 s - 2 throwing nets
Armour
 a - a +0 robe
 i - a +1 cloak (worn)
 k - a +0 robe (worn)
 l - a +0 helmet (worn)
 p - a +1 cloak
Jewellery
 r - an amulet of reflection (around neck)
Scrolls
 c - 2 scrolls of teleportation
 e - a scroll of identify
 n - a scroll of fog
 o - a scroll of enchant weapon
Potions
 b - a potion of magic
 d - 3 potions of might
 f - a potion of brilliance
 g - 2 potions of curing
 h - a potion of invisibility {unknown}
 j - a potion of flight {unknown}
 m - a potion of attraction {unknown}
 q - a potion of mutation {unknown}
 t - a potion of degeneration {unknown}


   Skills:
 - Level 2.4 Dodging
 - Level 2.4 Stealth
 * Level 5.8 Spellcasting
 * Level 4.1 Conjurations
 * Level 5.3 Fire Magic


You had 13 spell levels left.
You knew the following spells:

 Your Spells              Type           Power      Damage    Failure   Level
a - Foxfire               Conj/Fire      100%       2x1d9     1%          1
b - Scorch                Fire           58%        2d7       1%          2

Your spell library contained the following spells:

 Spells                   Type           Power      Damage    Failure   Level
 Apportation              Tloc           12%        N/A       10%         1
 Freeze                   Ice            24%        1d4       10%         1
 Necrotise                Necr           24%        1d5       10%         1
 Summon Small Mammal      Summ           24%        N/A       10%         1
 Inner Flame              Hex/Fire       18%        N/A       10%         3
 Volatile Blastmotes      Fire/Tloc      36%        2d13      10%         3
 Hailstorm                Conj/Ice       15%        3d5       12%         3
 Flame Wave               Conj/Fire      27%        2d9       13%         4
 Frozen Ramparts          Ice            12%        1d2       28%         3
 Summon Guardian Golem    Hex/Summ       6%         N/A       28%         3
 Tukima's Dance           Hex            6%         N/A       28%         3
 Animate Armour           Summ/Erth      12%        N/A       67%         4
 Passage of Golubria      Tloc           6%         N/A       67%         4
 Blade Hands              Tmut           3%         N/A       95%         5
 Yara's Violent Unravell  Hex/Tmut       3%         3d4       95%         5
 Iron Shot                Conj/Erth      7%         9d2       99%         6
 Orb of Destruction       Conj           12%        9d7       100%        7
 Spellforged Servitor     Conj/Summ      7%         N/A       100%        7


Dungeon Overview and Level Annotations

Branches:
Dungeon (6/15)             Temple (1/1) D:5

Altars:
Dithmenos
Elyvilon
Fedhas
Gozag
Hepliaklqana
Kikubaaqudgha
Qazlal
Sif Muna
Uskayaw
Wu Jian

Shops:
D:1 ?   D:4 :

Annotations:
D:3 3 runed translucent doors, Taurus's ghost, amateur MiFi
D:6 Maggie


Message History

The foxfire hits Maggie.
Maggie is lightly wounded.
Maggie gestures wildly while chanting.
Maggie attempts to bespell you!
You are mesmerised by Maggie!
You conjure some foxfire!
Your foxfire dissipates!
The foxfire hits Maggie.
Maggie is moderately wounded.
The foxfire hits Maggie but does no damage.
Maggie is moderately wounded.
Casting: Foxfire (safe; 1% risk of failure)
Confirm with . or Enter, or press ? or * to list all spells.
Flames lash Maggie.
Maggie is moderately wounded.
Maggie's fire resistance burns away.
Your foxfire dissipates!
Unknown command.
Casting: Scorch (safe; 1% risk of failure)
Confirm with . or Enter, or press ? or * to list all spells.
Flames lash Maggie.
Maggie is burned terribly!
Maggie is moderately wounded.
Maggie hits you with a +1 broad axe of draining.
You feel drained.
Unknown command.
Casting: Scorch (safe; 1% risk of failure)
Confirm with . or Enter, or press ? or * to list all spells.
Flames lash Maggie.
Maggie is burned terribly!
Maggie is heavily wounded.
Maggie misses you.
Unknown command.
Casting: Scorch (safe; 1% risk of failure)
Confirm with . or Enter, or press ? or * to list all spells.
Flames lash Maggie.
Maggie is burned terribly!
Maggie is severely wounded.
Maggie points at you and mumbles some strange words.
The bolt of fire hits you!!
Ouch! That really hurt!
You die...
Your body crumbles into a pile of gold.

#......#....#|#
#.....#..#....#.#
..........#....#.#
##.########....#.#
#. $.....#.# #
##.##.# #.# #.# $
#@# #.@......
#########


You could see Maggie (mesmerising, combustible).

Vanquished Creatures
  A scorpion (D:5)
  A jelly (D:6)
  An iguana (D:5)
  A sleepcap (D:5)
  11 gnolls
  6 adders
  A worm (D:4)
  4 dart slugs
  3 orcs (D:5)
  6 endoplasms
  3 giant cockroaches
  A goblin (D:3)
  8 hobgoblins
  3 quokkas
  7 ball pythons
  A bat (D:1)
  3 frilled lizards
  6 kobolds
  5 rats
72 creatures vanquished.

Vanquished Creatures (others)
  257 foxfires
257 creatures vanquished.

Grand Total: 329 creatures vanquished

Notes
Turn   | Place    | Note
-------+----------+-------------------------------------------
     0 | D:1      | Pepete the Deep Elf Fire Elementalist began the quest for
                  | the Orb.
     0 | D:1      | Reached XP level 1. HP: 10/10 MP: 6/6
    13 | D:1      | Found Xuclem's Magic Scroll Boutique.
   889 | D:1      | Reached XP level 2. HP: 15/15 MP: 6/8
  1042 | D:1      | Learned a level 2 spell: Scorch
  1677 | D:2      | Reached XP level 3. HP: 19/19 MP: 7/10
  2949 | D:3      | Reached XP level 4. HP: 24/24 MP: 4/12
  3454 | D:3      | Identified the +4 ring mail of Parts Unknown {rC- Str+5}
  3513 | D:3      | Reached XP level 5. HP: 18/28 MP: 2/14
  4021 | D:3      | Found a runed translucent gate.
  4021 | D:3      | Noticed Taurus's ghost (amateur MiFi)
  4022 | D:3      | Found a runed translucent gate.
  4023 | D:3      | Found a runed translucent gate.
  4256 | D:3      | Identified the +4 chain mail of the Comet {rN+ Int+5 Dex-3}
  4381 | D:4      | Found Liroarou's Book Boutique.
  4642 | D:4      | Found a blossoming altar of Fedhas.
  5155 | D:4      | Found a hide-covered altar of Uskayaw.
  5194 | D:5      | Entered Level 5 of the Dungeon
  5202 | D:5      | Found a staircase to the Ecumenical Temple.
  5224 | D:5      | Reached skill level 5 in Spellcasting
  5614 | D:5      | Reached skill level 5 in Fire Magic
  5795 | D:5      | Found an ornate altar of the Wu Jian Council.
  5904 | D:5      | Reached XP level 6. HP: 32/32 MP: 10/16
  5918 | Temple   | Entered the Ecumenical Temple
  6054 | Temple   | Became a worshipper of Gozag Ym Sagoz the Greedy
  6776 | D:6      | Identified the staff of earth "Tiffooro" {rF+ Str+3 Int+4
                  | Dex-2}
  6784 | D:6      | Noticed Maggie
  6796 | D:6      | Killed from afar by Maggie

Illustrated notes

Levels and vault maps discovered:
D:1:      nzn_arrival_crosshair, layout_basic, serial_shops, shop,
          minmay_shallow_snake_nest
D:2:      layout_loops_ring, kennysheep_generic_room_4
D:3:      layout_rooms, biasface_ghost_orc_armoury, glass_columns_b
D:4:      layout_basic, nicolae_uskayaw_suspiria, fedhas_altar_2, serial_shops,
          shop
D:5:      nicolae_cairo_tiling_large, layout_loops_corners,
          nicolae_wu_jian_wuxing_cycle, minmay_temple_entry_gardened_gates
D:6:      layout_basic, nicolae_tso_swordbearing_angel, minmay_holes,
          uniq_maggie, uniq_eustachio, uniq_crazy_yiuf_cottage,
          uniq_prince_ribbit1
Temple:   nicolae_temple_great_sept

Skill      XL: |  1  2  3  4  5 |
---------------+----------------+-----
Conjurations   | 2 3 4 |  4.1
Spellcasting   | 4 5 |  5.8
Fire Magic     | 4 5 |  5.3
Dodging        | |  2.4
Stealth        | |  2.4

Action                     |  1- 3 |  4- 6 || total
---------------------------+-------+-------++-------
  Melee: Unarmed           |       |     1 ||     1
   Cast: Foxfire           |    63 |   104 ||   167
         Scorch            |    15 |    24 ||    39
    Use: Scroll            |     5 |     2 ||     7
         Potion            |     1 |     1 ||     2
 Armour: Robe              |     4 |     3 ||     7
  Dodge: Dodged            |     9 |     9 ||    18
  Block: Other             |       |     4 ||     4
